 Dungeon Crawl Stone Soup version 0.30.0-10-gfe55d96785 (webtiles) character file.

Game seed: 2543879425360382478

62794 Jarnaxa the Severer (level 14, -11/109 HPs)
             Began as a Demonspawn Monk on May 14, 2023.
             Was a High Priest of Cheibriados.
             Blown up by a cacodemon (24 damage)
             ... with a bolt of energy
             ... on level 2 of the Abyss.
             The game lasted 00:37:49 (16206 turns).

Jarnaxa the Severer (Demonspawn Monk)              Turns: 16206, Time: 00:37:50

Health: -11/109    AC: 25    Str: 29    XL:     14   Next: 65%
Magic:  23/23      EV: 15    Int: 23    God:    Cheibriados [*****.]
Gold:   1356       SH:  0    Dex: 28    Spells: 13/13 levels left

rFire   + . .        d - +2 executioner's axe (heavy)
rCold   . . .        (shield currently unavailable)
rNeg    . . .        L - +4 chain mail {ponderous}
rPois   .            (no helmet)
rElec   .            (no cloak)
rCorr   +            F - +2 pair of gloves
SInv    .            q - +2 pair of boots {Stlth+}
Will    +....        D - amulet of regeneration
Stlth   ++           n - ring of protection from fire
HPRegen 1.18/turn    b - +4 ring of protection
MPRegen 0.18/turn

%: no passive effects
@: mighty, very slow
A: claws 2, yellow scales 3, foul stench 1, powered by pain 2, corrupting
presence 1, deformed body
a: Renounce Religion, Bend Time, Temporal Distortion, Slouch, Step From Time


You were on level 2 of the Abyss.
You worshipped Cheibriados.
Cheibriados was extremely pleased with you.
You visited 3 branches of the dungeon, and saw 21 of its levels.
You visited the Abyss 1 time.

You collected 1356 gold pieces.

Inventory:

Hand Weapons
 d - a +2 heavy executioner's axe (weapon)
 k - a +2 spectral flail
 s - a +5 broad axe of distortion
 u - the +5 flail "Doepribe" {freeze, Str+2 Int+4}
   (You found it on level 7 of the Dungeon)

   Str:       It affects your strength (+2).
   Int:       It affects your intelligence (+4).
Missiles
 m - 26 poisoned darts (quivered)
Armour
 q - a +2 pair of boots of stealth (worn)
 z - the +9 acid dragon scales of the Merchant {rCorr Int+3}
   (You found it on level 6 of the Dungeon)

   Int:       It affects your intelligence (+3).
   rCorr:     It protects you from acid and corrosion.
 F - a +2 pair of gloves (worn)
 K - a +0 tower shield
 L - a +4 chain mail of ponderousness (worn)
 P - the +4 scale mail of Snakes and Ladders {+Blink rF+}
   (You took it off a skeletal warrior on level 14 of the Dungeon)

   rF:        It protects you from fire.
   +Blink:    It lets you blink.
Jewellery
 b - a +4 ring of protection (right hand)
 n - a ring of protection from fire (left hand)
 p - a ring of wizardry
 D - an amulet of regeneration (around neck)
 J - a ring of poison resistance
Wands
 v - a wand of light (5)
 y - a wand of mindburst (26)
 M - a wand of charming (8)
Scrolls
 g - 5 scrolls of fear
 h - 4 scrolls of enchant armour
 l - 6 scrolls of teleportation
 B - 4 scrolls of immolation
 G - 2 scrolls of magic mapping
 I - a scroll of fog
Potions
 a - 8 potions of attraction
 c - 3 potions of ambrosia
 f - 3 potions of resistance
 i - 3 potions of brilliance
 j - 14 potions of curing
 o - 3 potions of heal wounds
 r - 6 potions of lignification
 t - 3 potions of might
 w - 2 potions of magic
 x - 2 potions of mutation
 A - 3 potions of invisibility
 C - 2 potions of berserk rage
 E - a potion of flight
 N - a potion of cancellation {unknown}
Miscellaneous
 H - a phantom mirror


   Skills:
 + Level 9.6 Fighting
 * Level 16.5(17.3) Axes
 - Level 8.7(13.7) Maces & Flails
 + Level 1.0 Throwing
 + Level 7.1 Armour
 + Level 6.4 Dodging
 + Level 3.5 Stealth
 + Level 1.6 Shields
 * Level 12.1 Invocations


You had 13 spell levels left.
You didn't know any spells.
Your spell library contained the following spells:

 Spells                   Type           Power      Damage    Failure   Level
 Magic Dart               Conj           0%         1d3       52%         1
 Sandblast                Erth           0%         2d4       52%         1
 Shock                    Conj/Air       0%         1d3       52%         1
 Summon Small Mammal      Summ           0%         N/A       52%         1
 Call Imp                 Summ           0%         N/A       65%         2
 Cigotuvi's Dreadful Rot  Necr/Pois/Air  0%         N/A       65%         2
 Ensorcelled Hibernation  Hex/Ice        0%         N/A       65%         2
 Passwall                 Tmut/Erth      0%         N/A       65%         2
 Searing Ray              Conj           0%         2d4       65%         2
 Static Discharge         Conj/Air       0%         2-2/arc   65%         2
 Call Canine Familiar     Summ           0%         N/A       87%         3
 Frozen Ramparts          Ice            0%         1d1       87%         3
 Ignite Poison            Fire/Tmut/Pois 0%         N/A       87%         3
 Mephitic Cloud           Conj/Pois/Air  0%         N/A       87%         3
 Spider Form              Tmut/Pois      0%         N/A       87%         3
 Stone Arrow              Conj/Erth      0%         3d7       87%         3
 Summon Guardian Golem    Hex/Summ       0%         N/A       87%         3
 Swiftness                Air            0%         N/A       87%         3
 Airstrike                Air            0%         2d(0-16)  99%         4
 Anguish                  Hex/Necr       0%         N/A       99%         4
 Cause Fear               Hex            0%         N/A       99%         4
 Fulminant Prism          Conj/Hex       0%         3d5       99%         4
 Ice Form                 Ice/Tmut       0%         N/A       99%         4
 Olgreb's Toxic Radiance  Pois           0%         N/A       99%         4
 Summon Ice Beast         Ice/Summ       0%         N/A       99%         4
 Summon Lightning Spire   Summ/Air       0%         N/A       99%         4
 Freezing Cloud           Conj/Ice/Air   0%         6-21      100%        5
 Conjure Ball Lightning   Conj/Air       0%         3x3d6     100%        6
 Enfeeble                 Hex            0%         N/A       100%        7
 Discord                  Hex            0%         N/A       100%        8
 Disjunction              Tloc           0%         N/A       100%        8
 Ignition                 Fire           0%         3d3       100%        8


Dungeon Overview and Level Annotations

Branches:
Dungeon (15/15)            Temple (1/1) D:7            Lair (5/5) D:11
  Swamp (0/4) Lair:2       Spider (0/4) Lair:3        Slime (0/5) Lair:4
    Orc (0/2) D:12         Vaults (0/5) D:14         Depths (0/4) D:15

Altars:
Ashenzari
Cheibriados
Dithmenos
Fedhas
Gozag
Hepliaklqana
Kikubaaqudgha
Makhleb
Nemelex Xobeh
Okawaru
Qazlal
Ru
Sif Muna
Trog
Uskayaw
Vehumet
Wu Jian
Xom
Yredelemnul
Jiyva

Shops:
D:11 ?   D:12 :

Portals:
Bazaar: D:15


Innate Abilities, Weirdness & Mutations

You have very sharp fingernails.
You are completely covered in yellow scales. (AC +4, rCorr)
You may rarely emit foul miasma when damaged in melee.
You sometimes gain power by taking damage.
Your presence sometimes corrodes those you injure.
Armour fits poorly on your strangely shaped body.


Message History

You bump into the stone wall.
You feel less confused.
The flayed ghost hits you but does no damage.
You hit the flayed ghost.
The flayed ghost is severely damaged.
You closely miss the cacodemon.
The cacodemon hits you but does no damage.
The cacodemon closely misses you.
The flayed ghost hits you but does no damage.
You slice the flayed ghost!!
You destroy the flayed ghost!
Cheibriados thoroughly appreciates the change of pace.
You slice the cacodemon!! The cacodemon closely misses you. x2
The cacodemon gestures at you.
Strange energies course through your body.
Your body twists and deforms.
You open the cacodemon like a pillowcase!!!
The cacodemon is almost dead.
You hear a bark!
You hear a shout!
The cacodemon hits you but does no damage.
The cacodemon completely misses you.
You closely miss the cacodemon.
The cacodemon is almost dead.
The cacodemon misses you. The cacodemon hits you!
* * * LOW HITPOINT WARNING * * *
The cacodemon hits you!
* * * LOW HITPOINT WARNING * * *
You focus on the pain.
You feel your power returning. The cacodemon closely misses you.
You closely miss the cacodemon.
The cacodemon is almost dead.
The cacodemon hits you but does no damage. x2
The cacodemon completely misses you. The cacodemon barely misses you.
You barely miss the cacodemon.
The cacodemon is almost dead.
You chop the slime creature into pieces!!!
The slime creature hits you but does no damage.
The cacodemon gestures at you. The bolt of energy hits you!!
You die...

. ###.
##.#.##
.#...
....## 2_
..#.# #..#
#.#.##J#.
..#
#....@#..#
##.###2##
.. #.#.# ..
.# .
#.#..###..#
. ### .....
#.#
#....#.## #
#. ###
.#.## ##.#.
#. . #.. .
#


You could see a cacodemon and a slime creature.

Vanquished Creatures
  4 vault guards (D:14)
  5 hydras
  A spriggan zombie (D:15)
  5 centaur warriors
  A boulder beetle (D:12)
  2 tengu warriors (D:14)
  2 two-headed ogres
  A vampire mage (D:15)
  A titan zombie (D:15)
  6 skeletal warriors
  A spark wasp zombie (D:15)
  A bog body (Lair:2)
  A flayed ghost (Abyss:2)
  2 necromancers
  A deep elf pyromancer (D:14)
  6 ugly things
  3 cyclopes
  A manticore (D:14)
  13 elephants
  4 centaur zombies (D:14)
  7 cane toads
  A black mamba (Lair:2)
  Maggie (D:7)
  An unseen horror (D:13)
  A freezing wraith (D:13)
  2 komodo dragons
  A guardian mummy (D:15)
  A troll (shapeshifter) (D:13)
  A troll (D:13)
  2 polar bears
  16 blink frogs
  4 slime creatures
  2 meliai zombies (D:14)
  33 yaks
  3 shadows
  A spriggan (Lair:2)
  3 wyverns
  5 wraiths
  2 vampires (D:14)
  4 basilisks
  2 fire bats (Lair:2)
  A yak (shapeshifter) (D:13)
  A hog (shapeshifter) (D:14)
  2 redbacks (Lair:3)
  3 swamp worms (Lair:2)
  7 vampire mosquitoes
  A glowing shapeshifter zombie (D:15)
  3 wargs (D:11)
  2 acid dragons
  7 water moccasins
  3 sky beasts
  2 ice beasts
  An orc warrior (D:12)
  A black bear (Lair:4)
  2 ogres
  8 wolves
  13 centaurs
  A phantom (D:5)
  3 kobold brigands
  3 komodo dragon zombies (Lair:3)
  7 bullfrogs
  A gnoll sergeant (D:11)
  3 wights
  9 killer bees
  9 howler monkeys
  9 electric eels
  A lava snake (Lair:2)
  8 jellies
  2 orc priests
  2 gnoll boudas
  2 hounds
  3 iron imps (D:8)
  Jessica (D:2)
  3 iguanas (D:6)
  Terence (D:2)
  12 orc wizards
  7 hell rats (Lair:2)
  16 gnolls
  8 adders
  A white imp (D:7)
  3 worms
  A dart slug (D:2)
  36 orcs
  7 ball pythons
  8 bats
  3 endoplasms
  A giant cockroach (D:4)
  8 goblins
  3 hobgoblins
  4 jackals (D:1)
  20 kobolds
  A quokka (D:1)
  4 frilled lizards
  4 rats (D:1)
426 creatures vanquished.

Vanquished Creatures (others)
  A small abomination (Abyss:2)
  A spectral weapon (D:7)
  4 starspawn tentacles (Abyss:2)
6 creatures vanquished.

Grand Total: 432 creatures vanquished

Notes
Turn   | Place    | Note
-------+----------+-------------------------------------------
     0 | D:1      | Jarnaxa the Demonspawn Monk began the quest for the Orb.
     0 | D:1      | Reached XP level 1. HP: 18/18 MP: 1/1
   167 | D:1      | Gained mutation: You sometimes gain a little power by
                  | taking damage. [demonic ancestry]
   167 | D:1      | Reached XP level 2. HP: 22/24 MP: 2/2
  1054 | D:1      | Found a faded altar of an unknown god.
  1241 | D:2      | Gained mutation: You have sharp fingernails. [demonic
                  | ancestry]
  1241 | D:2      | Reached XP level 3. HP: 29/29 MP: 3/3
  1556 | D:2      | Noticed Jessica
  1565 | D:2      | Killed Jessica
  1566 | D:2      | Gained mutation: You are partially covered in yellow
                  | scales. (AC +2) [demonic ancestry]
  1566 | D:2      | Reached XP level 4. HP: 23/37 MP: 4/4
  1777 | D:2      | Noticed Terence
  1793 | D:2      | Killed Terence
  1794 | D:2      | Reached skill level 1 in Armour
  2096 | D:3      | Reached XP level 5. HP: 42/42 MP: 5/5
  2193 | D:3      | Found an ornate altar of the Wu Jian Council.
  3007 | D:4      | Found an opulent altar of Gozag.
  3230 | D:4      | Noticed an ogre
  3238 | D:4      | Killed an ogre
  3239 | D:4      | Reached skill level 5 in Maces & Flails
  3239 | D:4      | Reached skill level 1 in Stealth
  3239 | D:4      | Gained mutation: You may rarely emit foul miasma when
                  | damaged in melee. [demonic ancestry]
  3239 | D:4      | Reached XP level 6. HP: 16/48 MP: 6/6
  3752 | D:5      | Entered Level 5 of the Dungeon
  3973 | D:5      | Reached XP level 7. HP: 46/54 MP: 7/7
  4467 | D:6      | You fall into a shaft and drop 2 floors!
  4502 | D:7      | Found a staircase to the Ecumenical Temple.
  4517 | Temple   | Entered the Ecumenical Temple
  4578 | Temple   | Became a worshipper of Cheibriados the Contemplative
  4578 | Temple   | Reached * piety under Cheibriados
  4578 | Temple   | Reached ** piety under Cheibriados
  4626 | D:7      | Reached skill level 5 in Fighting
  4626 | D:7      | Reached XP level 8. HP: 58/62 MP: 8/8
  4969 | D:7      | Noticed Maggie
  4980 | D:7      | Killed Maggie
  4981 | D:7      | Gained mutation: You have very sharp fingernails. [demonic
                  | ancestry]
  4981 | D:7      | Reached XP level 9. HP: 52/69 MP: 9/9
  5109 | D:7      | Reached skill level 1 in Axes
  5114 | D:7      | Reached skill level 1 in Invocations
  5205 | D:7      | Identified the +5 flail "Doepribe" {freeze, Str+2 Int+4}
  5429 | D:7      | Found a blossoming altar of Fedhas.
  5472 | D:7      | Reached skill level 2 in Axes
  5673 | D:6      | Identified the +9 acid dragon scales of the Merchant {rCorr
                  | Int+3}
  5811 | D:6      | Reached *** piety under Cheibriados
  5981 | D:6      | Reached skill level 5 in Armour
  6298 | D:6      | Reached skill level 3 in Axes
  6458 | D:8      | Reached skill level 4 in Axes
  6694 | D:8      | Found a burning altar of Makhleb.
  6781 | D:8      | Noticed a two-headed ogre
  6790 | D:8      | Killed a two-headed ogre
  6791 | D:8      | Reached skill level 5 in Axes
  6791 | D:8      | Reached XP level 10. HP: 50/77 MP: 13/13
  7532 | D:9      | Reached skill level 5 in Invocations
  7800 | D:9      | Reached **** piety under Cheibriados
  7844 | D:9      | Reached skill level 6 in Axes
  8059 | D:9      | Found a stormy altar of Qazlal.
  8065 | D:9      | Noticed a two-headed ogre
  8072 | D:9      | Killed a two-headed ogre
  8073 | D:9      | Reached skill level 7 in Axes
  8323 | D:9      | Found a sparkling altar of Nemelex Xobeh.
  8352 | D:10     | Entered Level 10 of the Dungeon
  8559 | D:10     | Found a shadowy altar of Dithmenos.
  8718 | D:10     | Reached skill level 8 in Axes
  8883 | D:10     | Gained mutation: You are mostly covered in yellow scales.
                  | (AC +3) [demonic ancestry]
  8883 | D:10     | Reached XP level 11. HP: 83/83 MP: 15/15
  8892 | D:10     | Reached skill level 9 in Axes
  8898 | D:10     | Reached ***** piety under Cheibriados
  9068 | D:10     | Found a shimmering altar of Xom.
  9187 | D:11     | Found a staircase to the Lair.
  9644 | D:11     | Found Voyq's Magic Scroll Shoppe.
  9816 | Lair:1   | Entered Level 1 of the Lair of Beasts
  9864 | Lair:1   | Reached skill level 10 in Axes
 10548 | Lair:2   | Noticed a four-headed hydra
 10563 | Lair:2   | Killed a ten-headed hydra
 10711 | Lair:2   | Noticed a fire dragon
 10729 | Lair:2   | Banished a fire dragon
 10730 | Lair:2   | Reached skill level 11 in Axes
 10846 | Lair:2   | Gained mutation: You sometimes gain power by taking damage.
                  | [demonic ancestry]
 10846 | Lair:2   | Reached XP level 12. HP: 90/92 MP: 17/17
 10910 | Lair:2   | Found a staircase to the Swamp.
 11183 | Lair:2   | Noticed a five-headed hydra
 11186 | Lair:2   | Banished a six-headed hydra
 11187 | Lair:2   | Reached skill level 12 in Axes
 11520 | Lair:3   | Reached skill level 5 in Dodging
 11568 | Lair:3   | Found a hole to the Spider Nest.
 11590 | Lair:3   | Reached ****** piety under Cheibriados
 11978 | Lair:3   | Reached skill level 13 in Axes
 12362 | Lair:4   | Found a snail-covered altar of Cheibriados.
 12411 | Lair:4   | Gained mutation: You are completely covered in yellow
                  | scales. (AC +4, rCorr) [demonic ancestry]
 12411 | Lair:4   | Reached XP level 13. HP: 99/99 MP: 20/20
 12503 | Lair:4   | Identified the +1 robe of Hekubivod {MP+9}
 12954 | Lair:4   | Found a viscous altar of Jiyva.
 12955 | Lair:4   | Found a staircase to the Slime Pits.
 12978 | Lair:4   | Reached skill level 10 in Invocations
 12983 | Lair:4   | Reached skill level 14 in Axes
 13292 | Lair:5   | Entered Level 5 of the Lair of Beasts
 13437 | D:12     | Found a staircase to the Orcish Mines.
 13532 | D:12     | Found Vimisede's Self-Improvement Boutique.
 14083 | D:13     | Identified the +0 plate armour of the Journeyman {Contam
                  | Str+7}
 14463 | D:14     | Reached skill level 15 in Axes
 14732 | D:14     | Found a gate to the Vaults.
 14740 | D:14     | Gained mutation: Your presence sometimes corrodes those you
                  | injure. [demonic ancestry]
 14740 | D:14     | Reached XP level 14. HP: 38/108 MP: 6/22
 15077 | D:14     | Reached skill level 16 in Axes
 15083 | D:14     | Reached skill level 1 in Throwing
 15252 | D:14     | Identified the +4 scale mail of Snakes and Ladders {+Blink
                  | rF+}
 15591 | D:15     | Entered Level 15 of the Dungeon
 15612 | D:15     | Reached skill level 1 in Shields
 15728 | D:15     | Found a staircase to the Depths.
 16083 | D:15     | Found a gateway to a bazaar.
 16103 | D:15     | Identified a scroll of acquirement
 16112 | D:15     | Acquired a +2 heavy executioner's axe
 16118 | Abyss:2  | Found a corrupted altar of Lugonu.
 16118 | Abyss:2  | Cast into level 2 of the Abyss (unwielding a weapon of
                  | distortion)
 16181 | Abyss:2  | Noticed a hellephant
 16184 | Abyss:2  | Noticed a tentacled starspawn
 16187 | Abyss:2  | Noticed an ironbound thunderhulk
 16188 | Abyss:2  | HP: 2/109 [hellephant/blast of flame (46)]
 16195 | Abyss:2  | Found a corrupted altar of Lugonu.
 16195 | Abyss:2  | Noticed a cacodemon
 16202 | Abyss:2  | Gained mutation: Armour fits poorly on your strangely
                  | shaped body. [a cacodemon]
 16206 | Abyss:2  | Blown up by a cacodemon

Illustrated notes

Levels and vault maps discovered:
D:1:      lemuel_arrival_funnel, layout_basic,
          hellmonk_ecumenical_altar_zigzags, hangedman_decor_riveting
D:2:      layout_loops_cross, kennysheep_generic_room_4, uniq_jessica,
          uniq_terence
D:3:      layout_basic, mainiacjoe_overflow_24_doors,
          nicolae_concentric_dashed_squares_mild
D:4:      layout_loops_corners, general_overflow_altar
D:5:      layout_rooms, minmay_misc_feat_alley, chequers_garden, hex_medium,
          hex_tiny, chequers_avenue, minmay_a_box_with_orc_wizards_in_it
D:6:      layout_basic, chequers_serial_rivers_micro_c
D:7:      layout_loops_ring, fedhas_bush_and_centaur_altar,
          minmay_temple_entry_crystal_x, uniq_maggie
D:8:      layout_rooms, demons_altar, nicolae_tso_swordbearing_angel,
          serial_co_window_serial, co_window_of_opportunity_a,
          co_window_paths_b, co_window_paths_a, co_window_paths_a,
          co_window_corner_a, co_window_unsneaky_path_a, co_window_corner_cb,
          co_window_paths_c, co_window_cross_2, glass_columns_b,
          glass_columns_c, glass_columns_a
D:9:      layout_long_grid, grunt_qazlal_clouds, nemelex_diamond_rough_becter
D:10:     layout_rooms, grunt_dithmenos_shadows, lemuel_coloured_pillars_altar,
          hive_lemuel
D:11:     layout_small_grid, erik_lair_orcish_takeover, serial_shops, shop
D:12:     layout_gridville, orc_0_dummy, nicolae_shop_self_help
D:13:     layout_rooms
D:14:     layout_gridville, lightli_vaults_fourway_checkpoint, serial_undead,
          serial_undead_d, serial_undead_f, serial_undead_f, serial_undead_b
D:15:     gammafunk_depths_entry_grave, layout_grid_maze, serial_shops,
          bzr_entry_customers, minmay_misc_feat_room, uniq_josephine
Temple:   nicolae_temple_god_jail
Lair:1:   layout_concentric_octagons
Lair:2:   dragon1_lemuel, layout_chaotic_city,
          nicolae_swamp_entry_splash_gauntlet, grunt_forest_large_clearing_hut
Lair:3:   pond_and_an_island_with_a_cottage, layout_hall_layers,
          spider_nest_entry_webs
Lair:4:   layout_layer_cave, slime_entry_1, basic_altar
Lair:5:   wormcave, layout_long_grid, serial_bayou_shore_a
Abyss:2:  base:
D:11

Skill      XL: |  1  2  3  4  5  6  7  8  9 10 11 12 13 14 |
---------------+-------------------------------------------+-----
Maces & Flails | 3 4 5 6 8 |  8.7
Dodging        | 3 4 5 6 |  6.4
Armour         | 1 2 3 4 5 6 7 |  7.1
Fighting       | 4 5 6 7 8 9 |  9.6
Stealth        | 1 2 3 |  3.5
Axes           | 5 8 11 13 15 16 | 16.5
Invocations    | 4 6 7 9 11 12 | 12.1
Throwing       | 1 |  1.0
Shields        | 1 |  1.6

Action                     |  1- 3 |  4- 6 |  7- 9 | 10-12 | 13-15 || total
---------------------------+-------+-------+-------+-------+-------++-------
  Melee: Mace              |    38 |       |       |       |       ||    38
         Flail             |    42 |   131 |    77 |       |       ||   250
         Broad axe         |       |       |    69 |   342 |   239 ||   650
         Executioner's axe |       |       |       |       |    25 ||    25
  Throw: Dart              |       |       |       |       |    13 ||    13
 Invoke: Slouch            |       |       |       |     1 |     8 ||     9
         Step From Time    |       |       |       |       |     1 ||     1
    Use: Scroll            |     2 |     8 |     1 |    14 |     9 ||    34
         Potion            |       |       |       |       |     3 ||     3
   Stab: Distracted        |       |     1 |     1 |     2 |       ||     4
         Sleeping          |       |       |       |     1 |     2 ||     3
 Armour: Scale mail        |    35 |    30 |       |       |       ||    65
         Robe              |     1 |       |       |       |       ||     1
         Plate armour      |       |    28 |   104 |    11 |       ||   143
         Acid dragon scale |       |       |       |   237 |   158 ||   395
         Chain mail        |       |       |       |       |   148 ||   148
         Skin              |       |       |       |       |    35 ||    35
  Dodge: Dodged            |    31 |    54 |    69 |   338 |   278 ||   770
  Block: Tower shield      |       |       |       |       |   102 ||   102
